 Dungeon Crawl Stone Soup version 0.27-a0-34-gc18c9092ac (webtiles) character file.

Game seed: 18064005268944293900

286 Rennog the Magician (level 6, -2/50 HPs)
             Began as a Gnoll Wanderer on Jan 5, 2021.
             Killed from afar by an orc wizard (7 damage)
             ... with a puff of flame
             ... on level 4 of the Dungeon.
             The game lasted 00:09:15 (4335 turns).

Rennog the Magician (Gnoll Wanderer)                Turns: 4335, Time: 00:09:16

Health: -2/50      AC:  3    Str: 16    XL:     6   Next: 30%
Magic:  4/14       EV: 12    Int: 12    God:
Gold:   182        SH:  0    Dex: 17    Spells: 9/15 levels left

rFire    x . .     SeeInvis .   a - +0 spear
rCold    + . .     Faith    .   (no shield)
rNeg     . . .     Spirit   .   d - +0 robe
rPois    .         Reflect  .   (no helmet)
rElec    .         Harm     .   k - +0 cloak
rCorr    .         Rampage  .   (no gloves)
Will     .....                  (no boots)
Stlth    +.........             (no amulet)
HPRegen  0.16/turn              f - ring of ice
MPRegen  0.14/turn              i - ring of attention (curse)

@: lethally poisoned (-2 -> -3)
A: distributed training, fangs 1, strong nose
a: no special abilities


You were on level 4 of the Dungeon.
You visited 1 branch of the dungeon, and saw 4 of its levels.

You collected 182 gold pieces.

Inventory:

Hand Weapons
 a - a +0 spear (weapon)
Armour
 d - a +0 robe (worn)
 k - a +0 cloak (worn)
Jewellery
 f - a ring of ice (left hand)
 i - a cursed ring of attention (right hand)
 p - an uncursed ring of resist corrosion
Wands
 u - a wand of polymorph (10)
 w - a wand of iceblast (11)
Scrolls
 e - a scroll of blinking {unknown}
 g - a scroll of random uselessness {unknown}
 h - a scroll of magic mapping {unknown}
 j - 3 scrolls of identify {unknown}
 n - 2 scrolls of immolation {unknown}
 r - 2 scrolls of teleportation {unknown}
 v - 2 scrolls of noise {unknown}
 x - a scroll of fog {unknown}
 y - a scroll of remove curse {unknown}
Potions
 b - 2 potions of brilliance {unknown}
 c - 3 potions of might {unknown}
 l - 2 potions of lignification {unknown}
 m - a potion of berserk rage {unknown}
 o - a potion of invisibility {unknown}
 q - a potion of curing {unknown}
 s - a potion of degeneration {unknown}
 t - a potion of attraction {unknown}


   Skills:
 + Level 4.9 Fighting
 + Level 1.9 Short Blades
 + Level 1.9 Long Blades
 + Level 1.9 Axes
 + Level 1.9 Maces & Flails
 + Level 1.9 Polearms
 + Level 1.9 Staves
 + Level 1.9 Slings
 + Level 1.9 Bows
 + Level 1.9 Crossbows
 + Level 1.9 Throwing
 + Level 3.2 Armour
 + Level 1.9 Dodging
 + Level 3.0 Stealth
 + Level 1.9 Shields
 + Level 1.9 Unarmed Combat
 + Level 5.3 Spellcasting
 + Level 1.5 Conjurations
 + Level 1.5 Hexes
 + Level 4.1 Summonings
 + Level 1.5 Necromancy
 + Level 2.6 Translocations
 + Level 1.5 Transmutations
 + Level 1.5 Fire Magic
 + Level 1.5 Ice Magic
 + Level 1.5 Air Magic
 + Level 1.5 Earth Magic
 + Level 1.5 Poison Magic
 + Level 2.1 Invocations
 + Level 3.2 Evocations


You had 9 spell levels left.
You knew the following spells:

 Your Spells              Type           Power        Failure   Level
a - Summon Small Mammal   Summ           52%          3%          1
b - Call Imp              Summ           13%          5%          2
c - Summon Guardian Gole  Hex/Summ       9%           19%         3

Your spell library contained the following spells:

 Spells                   Type           Power        Failure   Level
 Call Canine Familiar     Summ           13%          11%         3
 Corpse Rot               Necr/Air       N/A          16%         2
 Sublimation of Blood     Necr           3%           16%         2
 Summon Ice Beast         Ice/Summ       14%          52%         4
 Summon Lightning Spire   Summ/Air       9%           52%         4


Dungeon Overview and Level Annotations

Branches:
Dungeon (4/15)
 Temple: D:4-7

Altars:
Fedhas

Annotations:
D:2 Sigmund
D:4 3 runed translucent doors, SkeletonJelly's ghost, amateur FoFi


Innate Abilities, Weirdness & Mutations

Your experience applies equally to all skills.
You have very sharp teeth.
Your uncanny sense of smell can sniff out nearby items.


Message History

The worker ant bites you. The orc hits you but does no damage.
The orc wizard points at you and mumbles some strange words.
The puff of frost hits you. You resist.
Casting: Summon Guardian Golem (dangerous; 19% risk of failure)
Confirm with . or Enter, or press ? or * to list all spells.
A guardian golem appears, shielding your allies.
You feel sick.
Your guardian golem disappears in a puff of smoke!
The worker ant bites you!
* * * LOW HITPOINT WARNING * * *
The orc wizard closely misses you.
The orc wizard casts a spell.
The orc wizard seems to speed up.
You feel sick.
The orc throws a stone.
The stone hits your guardian golem but does no damage.
The worker ant bites you.
* * * LOW HITPOINT WARNING * * *
The orc wizard points at you and mumbles some strange words.
The puff of flame hits you! The fire burns you terribly!
You die...

.....#......#..##.##### #
#.........)...........###
#.....(..........#....
#....)................
##.>..o......#.#####...
###..............# ##....
###....†..8.......####.....
#)).###..Bo....##.###......
......##......@.....#..........
..### #.#..........#####......
#.#..........# #......
#.#..........# #......
#.#..........######.....
#.##..............†.)...
#.###......#############
#.........## ##########


You could see a worker ant, an orc wizard (fast), an orc and a friendly guardian
golem (summoned).

Vanquished Creatures
  An orc wizard (D:4)
  An adder (D:4)
  An ooze (D:2)
  An adder zombie (D:1)
  An adder skeleton (D:4)
  A leopard gecko (D:1)
  An orc (D:4)
  A bat (D:2)
  A bat zombie (D:1)
  A giant cockroach (D:1)
  6 goblins
  7 hobgoblins
  2 jackals (D:2)
  5 kobolds
  3 quokkas
  2 frilled lizards
  7 rats
42 creatures vanquished.

Vanquished Creatures (collateral kills)
  2 ogres (D:4)
  2 hounds (D:4)
  An orc wizard (D:4)
  5 adders
  2 worms (D:2)
  A dart slug (D:2)
  A leopard gecko (D:3)
  9 orcs (D:4)
  A goblin (D:3)
  A hobgoblin (D:1)
  6 jackals
  2 kobolds (D:2)
  A frilled lizard (D:2)
  2 rats
36 creatures vanquished.

Grand Total: 78 creatures vanquished

Notes
Turn   | Place    | Note
-------+----------+-------------------------------------------
     0 | D:1      | Rennog the Gnoll Wanderer began the quest for the Orb.
     0 | D:1      | Rennog set off with the following items: a +0 spear, a +0
                  | robe; and the following spell memorised: Summon Small
                  | Mammal; and the following spells available to memorise:
                  | Call Imp, Call Canine Familiar, Summon Guardian Golem,
                  | Corpse Rot, Sublimation of Blood, Summon Ice Beast, Summon
                  | Lightning Spire
     0 | D:1      | Reached XP level 1. HP: 20/20 MP: 6/6
    81 | D:1      | Reached XP level 2. HP: 24/26 MP: 7/7
    84 | D:1      | Learned a level 2 spell: Call Imp
   706 | D:2      | Reached XP level 3. HP: 31/31 MP: 9/9
   767 | D:2      | Reached skill level 5 in Spellcasting
   870 | D:2      | Noticed Sigmund
  1467 | D:2      | Reached skill level 1 in Invocations
  1606 | D:2      | Reached skill level 1 in Short Blades
  1606 | D:2      | Reached skill level 1 in Long Blades
  1606 | D:2      | Reached skill level 1 in Axes
  1606 | D:2      | Reached skill level 1 in Maces & Flails
  1606 | D:2      | Reached skill level 1 in Polearms
  1606 | D:2      | Reached skill level 1 in Staves
  1606 | D:2      | Reached skill level 1 in Slings
  1606 | D:2      | Reached skill level 1 in Bows
  1606 | D:2      | Reached skill level 1 in Crossbows
  1606 | D:2      | Reached skill level 1 in Throwing
  1606 | D:2      | Reached skill level 1 in Dodging
  1606 | D:2      | Reached skill level 1 in Shields
  1606 | D:2      | Reached skill level 1 in Unarmed Combat
  1890 | D:2      | Reached XP level 4. HP: 37/38 MP: 11/11
  1961 | D:2      | Learned a level 3 spell: Summon Guardian Golem
  2626 | D:3      | Found a blossoming altar of Fedhas.
  3235 | D:4      | Reached skill level 1 in Conjurations
  3235 | D:4      | Reached skill level 1 in Hexes
  3235 | D:4      | Reached skill level 1 in Necromancy
  3235 | D:4      | Reached skill level 1 in Transmutations
  3235 | D:4      | Reached skill level 1 in Fire Magic
  3235 | D:4      | Reached skill level 1 in Ice Magic
  3235 | D:4      | Reached skill level 1 in Air Magic
  3235 | D:4      | Reached skill level 1 in Earth Magic
  3235 | D:4      | Reached skill level 1 in Poison Magic
  3449 | D:4      | Reached XP level 5. HP: 40/43 MP: 4/12
  3689 | D:4      | Found a runed translucent gate.
  3689 | D:4      | Found a runed translucent gate.
  3689 | D:4      | Found a runed translucent gate.
  3689 | D:4      | Noticed SkeletonJelly's ghost (amateur FoFi)
  4001 | D:4      | Noticed an ogre
  4008 | D:4      | Killed an ogre
  4096 | D:4      | Noticed an ogre
  4115 | D:4      | Reached XP level 6. HP: 46/50 MP: 1/13
  4335 | D:4      | Killed from afar by an orc wizard

Illustrated notes

Levels and vault maps discovered:
D:1:      saegor_arrival_fortress, layout_basic, serial_glass, glass_columns_a,
          glass_columns_c, item_on_display_a, due_unseen_surprise,
          item_on_display_a, feat_on_display
D:2:      layout_basic, minmay_pentomino_v2, uniq_sigmund
D:3:      layout_basic, fedhas_altar_3, due_unseen_surprise
D:4:      layout_rooms, gammafunk_ghost_split, minmay_misc_feat_tiny

Skill      XL: |  1  2  3  4  5  6 |
---------------+-------------------+-----
Translocations | 2 |  2.6
Spellcasting   | 5 |  5.3
Invocations    | 1 2 |  2.1
Short Blades   | 1 |  1.9
Long Blades    | 1 |  1.9
Axes           | 1 |  1.9
Maces & Flails | 1 |  1.9
Polearms       | 1 |  1.9
Staves         | 1 |  1.9
Slings         | 1 |  1.9
Bows           | 1 |  1.9
Crossbows      | 1 |  1.9
Throwing       | 1 |  1.9
Dodging        | 1 |  1.9
Shields        | 1 |  1.9
Unarmed Combat | 1 |  1.9
Conjurations   | 1 |  1.5
Hexes          | 1 |  1.5
Necromancy     | 1 |  1.5
Transmutations | 1 |  1.5
Fire Magic     | 1 |  1.5
Ice Magic      | 1 |  1.5
Air Magic      | 1 |  1.5
Earth Magic    | 1 |  1.5
Poison Magic   | 1 |  1.5
Armour         | 3 |  3.2
Evocations     | 3 |  3.2
Summonings     | 4 |  4.1
Stealth        | 3 |  3.0
Fighting       | |  4.9

Action                   |  1- 3 |  4- 6 || total
-------------------------+-------+-------++-------
Melee: Spear             |   101 |   121 ||   222
       Bite              |     9 |     9 ||    18
       Punch             |     1 |     1 ||     2
 Cast: Call Imp          |    21 |    47 ||    68
       Summon Guardian G |       |     5 ||     5
 Stab: Sleeping          |     2 |       ||     2
       Distracted        |     1 |     2 ||     3
Armor: Robe              |    20 |    10 ||    30
Dodge: Dodged            |    51 |    61 ||   112

Table legend: (Time is in decaauts)
 A = Elapsed time spent in this place.
 B = Non-inter-level travel time spent in this place.
 C = Inter-level travel time spent in this place.
 D = Time resting spent in this place.
 E = Time spent auto-exploring this place.
 F = Levels seen in this place.
 G = Mean time per level.
                   A        B        C        D        E       F      G
               +--------+--------+--------+--------+--------+-----+--------+
         Total |   4347 |   4232 |    115 |    228 |   3344 |   4 | 1086.8 |
       Dungeon |   4347 |   4232 |    115 |    228 |   3344 |   4 | 1086.8 |
               +--------+--------+--------+--------+--------+-----+--------+

Top non-repeatable levels by time:
     D:2: 1297 daAuts
     D:4: 1117 daAuts
     D:3: 1047 daAuts
     D:1: 884 daAuts
